 Dungeon Crawl Stone Soup version 0.31.0-32-g396128a36d (webtiles) character file.

Game seed: 13346572256345008039

0 ChadusMaximus the Caller (level 1, 0/13 HPs)
             Began as a Barachi Summoner on Mar 8, 2024.
             Slain by a kobold
             ... wielding a +0 whip
              (5 damage)
             ... on level 1 of the Dungeon.
             The game lasted 00:00:36 (30 turns).

ChadusMaximus the Caller (Barachi Summoner)           Turns: 30, Time: 00:00:36

Health: 0/13       AC:  2    Str:  9    XL:     1   Next: 10%
Magic:  0/3        EV:  9    Int: 15    God:
Gold:   17         SH:  0    Dex: 12    Spells: 3/4 levels left

rFire   . . .        (no weapon)
rCold   . . .        (no shield)
rNeg    . . .        a - +0 robe
rPois   .            (no helmet)
rElec   .            (no cloak)
rCorr   .            (no gloves)
SInv    .            (no boots)
Will    .....        (no amulet)
Stlth   ++           (no ring)
HPRegen 0.22/turn    (no ring)
MPRegen 0.08/turn

%: no passive effects
@: constricted, slow
A: amphibious, slowness 1, strong legs 1, +LOS
a: Hop


You were on level 1 of the Dungeon.
You visited 1 branch of the dungeon, and saw 1 of its levels.

You collected 17 gold pieces.

Inventory:

Armour
 a - a +0 robe (worn)
Potions
 b - a potion of magic


   Skills:
 + Level 0.0 Fighting
 - Level 2.1 Dodging
 - Level 1.7 Stealth
 + Level 2.2 Spellcasting
 * Level 4.8 Summonings


You had 3 spell levels left.
You knew the following spells:

 Your Spells              Type           Power      Damage    Failure   Level
a - Summon Small Mammal   Summ           64%        N/A       3%          1

Your spell library contained the following spells:

 Spells                   Type           Power      Damage    Failure   Level
 Call Imp                 Summ           32%        N/A       4%          2
 Call Canine Familiar     Summ           16%        N/A       9%          3
 Summon Blazeheart Golem  Fire/Summ      8%         N/A       63%         4
 Summon Lightning Spire   Summ/Air       8%         N/A       63%         4


Dungeon Overview and Level Annotations

Branches:
Dungeon (1/15)

Altars:


Innate Abilities, Weirdness & Mutations

You are amphibious.
You cover ground slowly.
You can hop short distances.
You have an extended range of vision and can be seen from far away.


Message History

Casting: Summon Small Mammal (safe; 3% risk of failure)
Confirm with . or Enter, or press ? or * to list all spells.
The goblin shouts!
The ball python hisses angrily.
Casting: Summon Small Mammal (safe; 3% risk of failure)
Confirm with . or Enter, or press ? or * to list all spells.
Your bat closely misses the rat. x2
A bat comes into view.
Your bat barely misses the rat.
Unknown command.
You hit the rat but do no damage.
Your bat barely misses the rat.
Your bat hits the rat. The rat closely misses you.
Unknown command.
You hit the rat.
You kill the rat!
Your bat barely misses the kobold.
Your bat barely misses the goblin.
A bat comes into view.
You hit the kobold.
The kobold is moderately wounded.
The bat hits your bat but does no damage.
Your bat completely misses the bat.
Your bat closely misses the ball python.
Your bat closely misses the kobold.
Unknown command.
You closely miss the kobold.
The kobold is moderately wounded.
Your bat hits the bat but does no damage.
The bat barely misses your bat.
Your bat hits the ball python. The ball python barely misses you.
The ball python grabs you. The ball python constricts you.
The goblin hits you with a +0 dagger. The kobold barely misses your bat.
A goblin comes into view. It is wielding a +0 dagger.
The kobold barely misses you. The ball python closely misses you.
The ball python constricts you.
Your bat hits the goblin.
Unknown command.
Casting: Summon Small Mammal (safe; 3% risk of failure)
Confirm with . or Enter, or press ? or * to list all spells.
Your bat disappears in a puff of smoke!
Your bat closely misses the bat.
The bat barely misses you. The goblin hits you with a +0 dagger.
The kobold hits you with a +0 whip.
You die...

######.......#
###.........##+#
#...####.......#
#.### ####.##.#
#.# #[# #
#####.# ..#
#...#.# ###
..!##.bb#.#
.......K@.#
[......Sbg#
.....b..K...
...........##
............
.............
.!............
...............
....g...........


You could see 2 goblins, 2 bats, a ball python, 2 kobolds and 2 friendly bats.

Vanquished Creatures
  A rat (D:1)
1 creature vanquished.

Notes
Turn   | Place    | Note
-------+----------+-------------------------------------------
     0 | D:1      | ChadusMaximus the Barachi Summoner began the quest for the
                  | Orb.
     0 | D:1      | Reached XP level 1. HP: 13/13 MP: 3/3
    30 | D:1      | Slain by a kobold

Illustrated notes

Levels and vault maps discovered:
D:1:      onia_arrival_mini_spirals, layout_rooms

Action                     || total
---------------------------++-------
  Melee: Unarmed           ||     4
   Cast: Summon Small Mamm ||     3
 Armour: Robe              ||     3
  Dodge: Dodged            ||     5
